 Dungeon Crawl Stone Soup version 0.32-a0-329-ge6c31236d6 (webtiles) character file.

Game seed: 797692246937438674

2725 Bobbunny the Trooper (level 9, -4/64 HPs)
             Began as an Octopode Shapeshifter on Feb 17, 2024.
             Slain by a centaur
             ... wielding a +0 trident
              (7 damage)
             ... in a bailey.
             The game lasted 00:10:56 (7297 turns).

Bobbunny the Trooper (Octopode Shapeshifter)        Turns: 7297, Time: 00:10:57

Health: -4/64      AC:  1    Str: 17    XL:     9   Next: 67%
Magic:  9/9        EV: 12    Int: 15    God:
Gold:   416        SH:  4    Dex: 12    Spells: 8/8 levels left

rFire   + . .        t - +7 mace "Gesucas" {speed, Int+3}
rCold   . . .        r - +0 buckler
rNeg    + . .        (helmet currently unavailable)
rPois   .            (no amulet)
rElec   .            n - ring of see invisible
rCorr   .            v - ring of protection from fire
SInv    +            B - +4 ring of slaying
Will    .....        A - ring of positive energy
Stlth   +++          (no ring)
HPRegen 0.30/turn    (no ring)
MPRegen 0.11/turn    (no ring)
                     (no ring)

%: no passive effects
@: beast-form
A: beast (slay +4), almost no armour, amphibious, 8 rings, camouflage 1,
gelatinous body 1, (nimble swimmer 1), tentacles
a: Begin Untransformation


You were in a bailey.
You were a hulking beast.
You visited 2 branches of the dungeon, and saw 8 of its levels.
You also visited: Bailey.

You collected 416 gold pieces.

Inventory:

Hand Weapons
 t - the +7 mace "Gesucas" (weapon) {speed, Int+3}
   (You found it on level 3 of the Dungeon)

   Int+3:     It affects your intelligence (+3).
Missiles
 e - 7 stones
 f - 7 poisoned darts (quivered)
 F - 3 javelins
 G - a boomerang
Armour
 r - a +0 buckler (worn)
Jewellery
 n - a ring of see invisible (left tentacle)
 v - a ring of protection from fire (right tentacle)
 A - a ring of positive energy (on tentacle)
 B - a +4 ring of slaying (on tentacle)
 D - a +6 ring of intelligence
Talismans
 b - a beast talisman (active)
 c - a flux talisman
 x - a talisman of death
Wands
 k - a wand of roots (17)
 w - a wand of polymorph (12)
 y - a wand of mindburst (2)
 z - a wand of flame (18)
Scrolls
 d - 3 scrolls of teleportation {unknown}
 g - a scroll of poison
 h - a scroll of enchant weapon {unknown}
 i - a scroll of blinking {unknown}
 j - 2 scrolls of revelation {unknown}
 o - a scroll of fear
 q - 2 scrolls of noise
 C - a scroll of brand weapon
 E - a scroll of amnesia
Potions
 a - a potion of lignification
 l - 6 potions of curing
 p - a potion of haste
 s - 3 potions of might
 u - a potion of cancellation


   Skills:
 + Level 7.5 Fighting
 + Level 2.3 Maces & Flails
 - Level 2.0 Dodging
 - Level 3.0 Stealth
 - Level 3.0 Shields
 + Level 7.0 Unarmed Combat
 - Level 7.0 Shapeshifting


You had 8 spell levels left.
You didn't know any spells.
Your spell library contained the following spells:

 Spells                   Type           Power      Damage    Failure   Level
 Sandblast                Erth           0%         2d4       34%         1
 Passwall                 Erth           0%         N/A       71%         3
 Stone Arrow              Conj/Erth      0%         3d7       71%         3
 Animate Dead             Necr           0%         N/A       98%         4
 Brom's Barrelling Bould  Conj/Erth      0%         2d3       98%         4
 Haunt                    Necr/Summ      0%         N/A       100%        7
 Infestation              Necr           0%         N/A       100%        8


Dungeon Overview and Level Annotations

Branches:
Dungeon (7/15)             Temple (1/1) D:4          Bailey (1/1)

Altars:
Ashenzari
Cheibriados
Dithmenos
Elyvilon
Fedhas
Kikubaaqudgha
Makhleb
Nemelex Xobeh
Okawaru
Qazlal
Ru
Sif Muna
Trog
Uskayaw
Vehumet
Wu Jian
Xom

Shops:
D:4 :


Innate Abilities, Weirdness & Mutations

You are a hulking beast.
Your limbs bulge with bestial killing power. (Slay +4)
You cannot wear most types of armour.
You are amphibious.
You can wear up to eight rings at the same time.
Your skin changes colour to match your surroundings (Stealth+).
Your rubbery body absorbs attacks. (AC +1, EV +1)
((You are camouflaged when in or above water. (Stealth+)))
You have tentacles for arms and can constrict up to eight enemies at once.


Message History

You shout for attention!
There is an open gate here.
You start resting.
An orc is nearby!
You block the orc's attack.
There is an open gate here.
The orc barely misses you.
You sock the orc!
You kill the orc!
Things that are here:
a +0 spear; a +0 chain mail You start resting.
HP restored.
The centaur throws a javelin.
The javelin pierces through you!
The centaur throws a javelin.
The javelin pierces through you.
You enter the deep water.
An orc and an orc warrior come into view.
The centaur shouts!
You block the centaur's attack. The centaur closely misses you.
The orc shouts!
You thump the centaur!
The centaur is severely wounded.
The centaur hits you with a +0 trident! The centaur misses you.
The centaur hits you with a +0 trident! You block the centaur's attack.
You hit the centaur.
The centaur is severely wounded.
The centaur throws a javelin.
The javelin pierces through you. The centaur misses you. The centaur kicks you.
You hit the centaur but do no damage. Your squeeze misses the centaur.
The centaur is severely wounded.
The centaur throws a javelin.
The javelin pierces through you!
* * * LOW HITPOINT WARNING * * *
The centaur barely misses you. The centaur kicks you.
* * * LOW HITPOINT WARNING * * *
The centaur throws a javelin.
The javelin pierces through you!
* * * LOW HITPOINT WARNING * * *
You block the centaur's attack.
The centaur throws a javelin.
The javelin closely misses you.
The centaur hits you from afar with a +0 trident!
You die...

##...)...⌠#######⌠..)....##
##................))...##
##...................##
#########'''#########
#≈≈≈≈≈≈≈#)..#≈≈≈≈≈≈≈
≈≈≈≈≈≈≈≈#).)#≈≈≈≈≈≈≈
≈≈≈≈≈≈≈.#...#.≈≈≈≈≈≈
≈≈≈≈≈.c≈#...#≈..≈≈≈≈
≈≈≈.c≈≈≈h....≈≈≈..≈≈
≈≈.≈≈≈.........≈≈≈.≈
≈≈o≈.....≈≈≈.....≈.≈
≈.≈≈.⌠(.≈≈≈≈≈..⌠.≈≈c
≈o≈.....≈≈≈≈≈.....≈.
.≈≈....≈≈o~~≈≈....≈≈
.≈.....≈~≈~≈~≈.....≈
.≈.....≈~≈?≈~≈.....≈
...≈~≈=≈~≈.....≈


You could see 2 orc warriors, 2 centaurs and an orc.

Vanquished Creatures
  Eustachio (D:4)
  7 orc warriors
  A sky beast (D:6)
  An ice beast (D:3)
  A black bear (D:6)
  An ogre (D:4)
  3 centaurs (Bailey)
  2 phantoms
  3 scorpions
  5 wights
  2 orc priests
  3 hounds
  2 bombardier beetles (D:6)
  A gnoll bouda (D:6)
  An iguana (D:6)
  Ijyb (D:4)
  A sleepcap (D:5)
  2 orc wizards
  8 gnolls
  8 adders
  A white imp (D:5)
  2 dart slugs
  36 orcs
  6 endoplasms
  A giant cockroach (D:3)
  6 goblins
  14 hobgoblins
  2 jackals (D:3)
  13 kobolds
  5 quokkas
  11 ball pythons
  7 bats
  5 frilled lizards
  6 rats
169 creatures vanquished.

Notes
Turn   | Place    | Note
-------+----------+-------------------------------------------
     0 | D:1      | Bobbunny the Octopode Shapeshifter began the quest for the
                  | Orb.
     0 | D:1      | Reached XP level 1. HP: 13/13 MP: 1/1
    39 | D:1      | Reached XP level 2. HP: 9/18 MP: 2/2
   288 | D:1      | Reached XP level 3. HP: 24/24 MP: 3/3
   516 | D:1      | Reached skill level 1 in Stealth
   693 | D:1      | Reached XP level 4. HP: 27/29 MP: 4/4
  1874 | D:3      | Reached XP level 5. HP: 35/35 MP: 5/5
  1880 | D:3      | Noticed an ice beast
  1891 | D:3      | Killed an ice beast
  2120 | D:3      | Reached XP level 6. HP: 42/42 MP: 6/6
  2147 | D:3      | Identified the +7 mace "Gesucas" {speed, Int+3}
  2424 | D:4      | Noticed Eustachio
  2436 | D:4      | Killed Eustachio
  2437 | D:4      | Reached skill level 1 in Shields
  2669 | D:4      | Found a hide-covered altar of Uskayaw.
  2758 | D:4      | Reached XP level 7. HP: 48/48 MP: 7/7
  2805 | D:4      | Found a blossoming altar of Fedhas.
  2898 | D:4      | Found Mipnur's Tiny Tomes.
  2919 | D:4      | Found a staircase to the Ecumenical Temple.
  2938 | Temple   | Entered the Ecumenical Temple
  2956 | D:4      | Noticed Ijyb
  2963 | D:4      | Killed Ijyb
  3304 | D:5      | Entered Level 5 of the Dungeon
  3446 | D:5      | Reached skill level 5 in Shapeshifting
  3682 | D:5      | Reached skill level 5 in Fighting
  3682 | D:5      | Reached XP level 8. HP: 33/55 MP: 8/8
  4709 | D:6      | Reached skill level 5 in Unarmed Combat
  5626 | D:7      | Reached XP level 9. HP: 52/62 MP: 9/9
  5886 | D:7      | Found a flagged portal.
  5969 | Bailey   | Entered a bailey
  6677 | Bailey   | Reached skill level 1 in Maces & Flails
  7297 | Bailey   | HP: 3/64 [centaur/javelin (12)]
  7297 | Bailey   | Slain by a centaur

Illustrated notes

Levels and vault maps discovered:
D:1:      dpeg_arrival_arbitrary_a, layout_basic, st_stairs_7,
          minmay_misc_feat_encased, hangedman_abyss_or_decor_lesser_grid
D:2:      layout_loops_ring
D:3:      layout_rooms, nrook_mini_vaults, kennysheep_minor_cross
D:4:      layout_loops_ring, mainiacjoe_overflow_tiny_flanked, fedhas_altar_4,
          minmay_temple_entry_statues_pillars,
          nicolae_shop_i_like_small_books_too, serial_bayou_pond_d, uniq_ijyb,
          uniq_eustachio
D:5:      layout_cave_pools
D:6:      layout_loops_corners, kennysheep_opposing_triangles
D:7:      layout_loops_ring, enter_bailey_4, chequers_serial_rivers_large_b,
          nicolae_concentric_dashed_squares_mild
Temple:   bh_familiar_temple
Bailey:   bailey_polearm_flooded_kennysheep, bailey

Skill      XL: |  1  2  3  4  5  6  7  8  9 |
---------------+----------------------------+-----
Fighting       | 2 3 4 5 6 7 |  7.5
Stealth        | 1 2 3 |  3.0
Unarmed Combat | 4 5 7 |  7.0
Shapeshifting  | 4 5 6 7 |  7.0
Shields        | 2 3 |  3.0
Maces & Flails | 2 |  2.3
Dodging        | |  2.0

Action                     |  1- 3 |  4- 6 |  7- 9 || total
---------------------------+-------+-------+-------++-------
  Melee: Unarmed           |    39 |    58 |       ||    97
         Tentacles         |    11 |    10 |    27 ||    48
         Constrict         |     9 |    16 |    36 ||    61
         Punch             |       |     1 |       ||     1
         Mace              |       |    35 |   159 ||   194
  Throw: Stone             |       |     2 |       ||     2
         Dart              |       |     2 |     7 ||     9
  Evoke: Wand              |       |       |    18 ||    18
    Use: Scroll            |       |       |    11 ||    11
   Stab: Sleeping          |     7 |     7 |     8 ||    22
 Armour: Skin              |    13 |    35 |   119 ||   167
  Dodge: Dodged            |    18 |    50 |    95 ||   163
  Block: Buckler           |       |     1 |    31 ||    32

Table legend: (Time is in decaauts)
 A = Elapsed time spent in this place.
 B = Non-inter-level travel time spent in this place.
 C = Inter-level travel time spent in this place.
 D = Time resting spent in this place.
 E = Time spent auto-exploring this place.
 F = Levels seen in this place.
 G = Mean time per level.
                   A        B        C        D        E       F      G
               +--------+--------+--------+--------+--------+-----+--------+
         Total |   7283 |   6909 |    374 |   1402 |   3858 |   9 |  809.2 |
       Dungeon |   5956 |   5582 |    374 |    789 |   3858 |   7 |  850.9 |
        Temple |      1 |      1 |      0 |      0 |      0 |   1 |    1.0 |
        Bailey |   1325 |   1325 |      0 |    613 |      0 |   1 | 1325.0 |
               +--------+--------+--------+--------+--------+-----+--------+

Top non-repeatable levels by time:
     D:6: 1553 daAuts
  Bailey: 1325 daAuts
     D:1: 951 daAuts
     D:4: 878 daAuts
     D:2: 835 daAuts
     D:5: 751 daAuts
     D:3: 628 daAuts
     D:7: 357 daAuts
  Temple: 1 daAuts
